 Dungeon Crawl Stone Soup version 0.23-a0-180-ga5275e7 (webtiles) character file.

38 Felrender the Skirmisher (level 3, 0/30 HPs)
             Began as a Formicid Abyssal Knight on Sept 15, 2018.
             Was a Follower of Lugonu.
             Succumbed to a goblin's poison
             ... on level 2 of the Dungeon on Sept 19, 2018.
             The game lasted 00:04:49 (1556 turns).

Felrender the Skirmisher (Formicid Abyssal Knight)  Turns: 1556, Time: 00:04:50

Health: 0/30       AC: 11    Str: 11    XL:     3   Next: 65%
Magic:  4/4        EV:  5    Int: 11    God:    Lugonu [*.....]
Gold:   64         SH:  0    Dex: 10    Spells: 2/2 levels left

rFire    + . .     SeeInvis +   a - +1 falchion
rCold    . . .     Gourm    .   (no shield)
rNeg     . . .     Faith    .   i - +0 chain mail
rPois    .         Spirit   .   (helmet unavailable)
rElec    .         Reflect  .   l - +0 cloak
rCorr    .         Harm     .   d - +0 pair of gloves
MR       .....                  (no boots)
Stlth    ..........             (no amulet)
HPRegen  0.10/turn              f - ring of protection from fire
MPRegen  0.09/turn              b - -6 ring of strength (curse)

@: lethally poisoned (0 -> -8)
A: permanent stasis, dig shafts and tunnels, four strong arms, antennae 3
a: Dig, Shaft Self, Depart the Abyss, Renounce Religion


You were on level 2 of the Dungeon.
You worshipped Lugonu.
Lugonu was aware of your devotion.
You were not hungry.

You visited 1 branch of the dungeon, and saw 2 of its levels.
You visited the Abyss 1 time.

You collected 64 gold pieces.

Inventory:

Hand Weapons
 a - a +1 falchion (weapon)
Armour
 d - a +0 pair of gloves (worn)
 i - a +0 chain mail (worn)
 l - a +0 cloak (worn)
Jewellery
 b - a cursed -6 ring of strength (right hand)
 f - a ring of protection from fire (left hand)
Scrolls
 g - 2 scrolls of random uselessness
 k - a scroll of fear
Potions
 e - a potion of magic {unknown}
 h - a potion of ambrosia {unknown}
Comestibles
 c - 2 rations


   Skills:
 + Level 4.2 Fighting
 + Level 2.2 Long Blades
 + Level 2.6 Armour
 + Level 1.1 Dodging
 + Level 2.3 Invocations


You had 2 spell levels left.
You didn't know any spells.
Your spell library was empty.

Dungeon Overview and Level Annotations

Branches:
Dungeon (2/15)

Altars:


Innate Abilities, Weirdness & Mutations

You cannot be hasted, slowed, berserked, paralysed or teleported.
You can dig through walls and to a lower floor.
Your four strong arms can wield two-handed weapons with a shield.
You have a pair of large antennae on your head. (SInv)


Message History

You feel sick. The bat hits you but does no damage. The worm bites you.
* * * LOW HITPOINT WARNING * * *
Your chain mail prevents you from hitting the worm.
The worm is moderately wounded.
* * * LOW HITPOINT WARNING * * *
You feel sick. The bat hits you but does no damage. x2
The worm bites you but does no damage.
You hit the worm.
The worm is moderately wounded.
* * * LOW HITPOINT WARNING * * *
You feel sick. The bat hits you but does no damage.
The bat completely misses you. The worm bites you.
* * * LOW HITPOINT WARNING * * *
You slash the worm!
The worm is severely wounded.
* * * LOW HITPOINT WARNING * * *
You feel sick. The bat barely misses you.
You hit the worm.
The worm is severely wounded.
You die...

..? #. #.#
#.#######.###
##.....#.....##
##.............##
#...............#
#.?.............#
#........b.)....#
#......<.w@(....#
#...............#
##.............##
##.>...#.....##
#############


You could see a worm and a bat.

Vanquished Creatures
  A gnoll (D:1)
  A dart slug (D:2)
  2 leopard geckos (D:1)
  A giant cockroach (D:1)
  2 goblins
  3 hobgoblins (D:1)
  3 jackals (D:1)
  2 bats (D:1)
  2 frilled lizards (D:1)
  3 kobolds (D:1)
  5 rats (D:1)
25 creatures vanquished.

Notes
Turn   | Place    | Note
-------+----------+-------------------------------------------
     0 | Abyss:1  | Felrender the Formicid Abyssal Knight began the quest for
                  | the Orb.
     0 | Abyss:1  | Reached XP level 1. HP: 18/18 MP: 2/2
    26 | D:1      | Escaped the Abyss
   282 | D:1      | Reached XP level 2. HP: 17/24 MP: 3/3
   851 | D:1      | Reached skill level 4 in Fighting
   851 | D:1      | Reached XP level 3. HP: 21/30 MP: 4/4
  1367 | D:1      | Reached ** piety under Lugonu
  1445 | D:1      | Upgraded the game from 0.23-a0-172-g8f65603 to
                  | 0.23-a0-180-ga5275e7
  1541 | D:2      | Reached skill level 1 in Dodging
  1555 | D:2      | HP: 1/30 [poisoned by a goblin]
  1556 | D:2      | Succumbed to a goblin's poison

Vault maps used:
D:1:      nicolae_arrival_somewhat_less_tricky_arrival, kennysheep_pointless_box
D:2:      nicolae_gozag_cash_rules_everything_around_me, first_ration,
          hex_intersection

Skill      XL: |  1  2  3 |
---------------+----------+-----
Fighting       | 4 |  4.2
Dodging        | 1 |  1.1
Long Blades    | |  2.2
Armour         | |  2.6
Invocations    | |  2.3

Action                   || total
-------------------------++-------
Melee: Falchion          ||    78
  Use: Potion            ||     1
       Scroll            ||     3
  Eat: Ration            ||     1
       Chunk             ||     1
Armor: Leather armour    ||    10
       Chain mail        ||    15
Dodge: Dodged            ||    53
       Rpst.: Falchion   ||    17

Table legend:
 A = Non-vault XP
 B = Vault XP
 C = Vault XP percentage of total XP
 D = Non-vault monster count
 E = Vault monster count
 F = Vault count percentage of total count
                 A         B        C        D         E       F
            +---------+---------+-------+---------+---------+-------
      Total |      55 |       0 |   0.0 |      25 |       0 |   0.0
            +---------+---------+-------+---------+---------+-------
        D:1 |      49 |       0 |   0.0 |      23 |       0 |   0.0
        D:2 |       6 |       0 |   0.0 |       2 |       0 |   0.0
            +---------+---------+-------+---------+---------+-------
